AoeStats
← metze444

Arabian Desert

509676997Analyzed
1v1 RM · 5d ago on Sep 27, 2026· 60m 12s· 2 players
Game mode
Random Map
Map size
Tiny (2 player)
Population
200
Speed
Normal
Resources
Standard
Victory
Conquest
Starting age
Dark Age
Ending age
Imperial Age
RankedLock teamsTeams togetherTeam positionsShared explorationLock speedFull tech treeHidden civsTurbo modeCheats
Victory
Defeat
🇺🇸 Mapuche · United States
914
+16
🇩🇪 Malay · Germany
911
-16
metze444
9:18 Loom
12:07 Feudal Age
12:47 Double-Bit Axe
15:40 Horse Collar
19:02 Castle Age
17:12 Arson
19:39 Bow Saw
19:50 Forging
20:13 Squires
21:07 Town Watch
23:32 Iron Casting
23:15 Fletching
25:36 Masonry
25:52 Ballistics
27:19 Padded Archer Armor
27:06 Elite Skirmisher
29:18 Leather Archer Armor
30:08 Bodkin Arrow
31:10 Wheelbarrow
35:15 Imperial Age
33:48 Town Patrol
33:41 Pikeman
35:03 Conscription
36:44 Blast Furnace
38:33 Bracer
40:17 Chemistry
39:19 Gold Mining
45:39 Elite Karambit Warrior
46:55 Ring Archer Armor
52:56 Halberdier
John Microsoft
8:15 Loom
10:56 Feudal Age
15:24 Castle Age
14:00 Double-Bit Axe
14:09 Gold Mining
14:07 Horse Collar
17:33 Fletching
17:43 Padded Archer Armor
19:22 Bodkin Arrow
19:42 Leather Archer Armor
23:59 Ballistics
25:12 Stone Mining
29:31 Heavy Plow
29:42 Bow Saw
34:00 Wheelbarrow
35:09 Hand Cart
39:36 Imperial Age
39:34 Malon
40:36 Gold Shaft Mining
41:02 Elite Kona
41:54 Butalmapu
42:22 Conscription
42:45 Ring Archer Armor
42:26 Forging
42:16 Scale Mail Armor
43:57 Elite Bolas Rider
59:59 Spies/Treason
Connection lost

Rejoining the realm…

Still unreachable

The connection could not be restored.

Session expired

The server has moved on; the page needs a fresh start.